 Dungeon Sprint DCSS version 0.26-a0-651-gb41185065b (webtiles) character file.

Game seed: 15855225314274075878

78106 Apogee the End of an Era (level 15, -6/165 HPs)
             Began as a Hill Orc Fighter on Oct 8, 2020.
             Was the Champion of Qazlal.
             Killed from afar by Gloorx Vloq (10 damage)
             ... with a poison arrow
             ... in the Dungeon (Sprint V: "Ziggurat Sprint").
             The game lasted 00:18:38 (2751 turns).

Apogee the End of an Era (Hill Orc Fighter)         Turns: 2751, Time: 00:18:39

Health: -6/165     AC: 37    Str: 35    XL:     15   Next: 59%
Magic:  3/31       EV: 13    Int: 15    God:    Qazlal [******]
Gold:   0          SH: 27    Dex: 10    Spells: 5/14 levels left

rFire    . . .     SeeInvis .   C - +5 broad axe (vorpal)
rCold    . . .     Faith    +   y - +3 kite shield
rNeg     + + +     Spirit   .   B - +5 crystal plate armour
rPois    +         Reflect  .   W - +0 helmet of Qife {-Tele rPois rN+++ Int+4} (curse)
rElec    .         Harm     .   (no cloak)
rCorr    .         Rampage  .   (no gloves)
MR       +....     NoTele   +   (no boots)
Stlth    ..........             L - amulet of faith {!P}
HPRegen  0.37/turn              H - +6 ring of strength
MPRegen  0.22/turn              I - +6 ring of strength

@: lethally poisoned (-6 -> -14), protected from physical damage, slowed,
studying 2 skills, repel missiles, very slow
A: no striking features
a: Upheaval, Elemental Force, Disaster Area, Renounce Religion


You were in the Dungeon.
You worshipped Qazlal.
Qazlal was exalted by your worship.
You visited 1 branch

Inventory:

Hand Weapons
 C - a +5 vorpal broad axe (weapon)
   (You found it in the Dungeon)
 U - the +6 halberd "Direysism" {protect, Fragile rC- Str+4 Int+7}
   (You found it in the Dungeon)

   It grants its wielder temporary protection when it strikes (+7 to AC).
   It affects your strength (+4).
   It affects your intelligence (+7).
   It makes you vulnerable to cold.
   It will be destroyed if unequipped.
Armour
 y - a +3 kite shield (worn)
   (You found it in the Dungeon)
 A - a +3 tower shield
   (You found it in the Dungeon)
 B - a +5 crystal plate armour (worn)
   (You found it in the Dungeon)
 W - the cursed +0 helmet of Qife (worn) {-Tele rPois rN+++ Int+4}
   (You found it in the Dungeon)

   It affects your intelligence (+4).
   It protects you from poison.
   It renders you almost immune to negative energy.
   It prevents most forms of teleportation.
   It has a curse placed upon it.
Magical Staves
 e - an uncursed staff of conjuration {!a}
   (You found it in the Dungeon)
 T - an uncursed staff of air
   (You found it in the Dungeon)
Jewellery
 n - an uncursed ring of positive energy
   (You found it in the Dungeon)
 u - an uncursed ring of flight
   (You found it in the Dungeon)
 z - an uncursed ring of see invisible
   (You found it in the Dungeon)
 D - a +6 ring of dexterity
   (You found it in the Dungeon)
 E - a +6 ring of dexterity
   (You found it in the Dungeon)
 F - a +6 ring of intelligence
   (You found it in the Dungeon)
 G - a +6 ring of intelligence
   (You found it in the Dungeon)
 H - a +6 ring of strength (left hand)
   (You found it in the Dungeon)
 I - a +6 ring of strength (right hand)
   (You found it in the Dungeon)
 K - an uncursed ring of wizardry
   (You found it in the Dungeon)
 L - an amulet of faith (around neck) {!P}
   (You found it in the Dungeon)
 M - the amulet of the Two Names {Reflect rF- Int+6 SH+5}
   (You found it in the Dungeon)

   [amulet of reflection]

   It shields you and reflects attacks.
   It affects your intelligence (+6).
   It makes you vulnerable to fire.
   It affects your SH (+5).
 N - an uncursed ring of poison resistance
   (You found it in the Dungeon)
 S - the amulet "Gunninef" {Reflect rC+ SH+5}
   (You took it off a merfolk in the Dungeon)

   [amulet of reflection]

   It shields you and reflects attacks.
   It protects you from cold.
   It affects your SH (+5).
 V - the amulet "Atimitz" {Acrobat rF+ Int+4 Dex-5 Stlth+}
   (You found it in the Dungeon)

   [amulet of the acrobat]

   It helps you evade while moving and waiting.
   It affects your intelligence (+4).
   It affects your dexterity (-5).
   It protects you from fire.
   It makes you more stealthy.
 Y - the amulet of the Furies {Inacc +Fly rPois rC+ Stlth+}
   (You found it in the Dungeon)

   [amulet of inaccuracy]

   It reduces the accuracy of all your attacks.
   It protects you from cold.
   It protects you from poison.
   It lets you fly.
   It makes you more stealthy.
Wands
 c - a wand of disintegration (7)
   (You found it in the Dungeon)
 d - a wand of iceblast (6)
   (You found it in the Dungeon)
 x - a wand of acid (3)
   (You found it in the Dungeon)
Scrolls
 j - 4 scrolls of blinking
 p - 4 scrolls of amnesia
 q - 7 scrolls of fog
 r - 5 scrolls of identify {@r1}
 s - 5 scrolls of remove curse {@r2}
 t - 2 scrolls of fear
 O - 3 scrolls of brand weapon
Potions
 f - 10 potions of heal wounds {@q2}
 g - 10 potions of haste {@q3}
 h - 7 potions of magic
 i - a potion of berserk rage
 k - 2 potions of brilliance
 l - 2 potions of invisibility
 m - 4 potions of resistance
 o - 5 potions of stabbing
 w - 6 potions of might
 P - 9 potions of curing {@q1}
Books
 b - a manual of Stealth {!d}
   (You found it in the Dungeon)
 X - a manual of Crossbows {!d}
   (You found it in the Dungeon)
Miscellaneous
 a - a condenser vane (2/2)
   (You found it in the Dungeon)
 v - a phial of floods
   (You found it in the Dungeon)
 J - a lightning rod (4/4) {!a}
   (You found it in the Dungeon)
 Q - a phantom mirror
   (You found it in the Dungeon)


   Skills:
 - Level 23.5 Fighting
 - Level 18.0 Axes
 - Level 21.9 Armour
 + Level 12.3 Dodging
 + Level 18.7 Shields
 + Level 24.9 Invocations


You had 5 spell levels left.
You knew the following spells:

 Your Spells              Type           Power        Failure   Level
a - Tornado               Air            #.........   100%        9

Your spell library contained the following spells:

 Spells                   Type           Power        Failure   Level
 Animate Skeleton         Necr           #.....       86%         1
 Apportation              Tloc           #.....       86%         1
 Corona                   Hex            #......      86%         1
 Foxfire                  Conj/Fire      #...         86%         1
 Magic Dart               Conj           #...         86%         1
 Sandblast                Erth           #.....       86%         1
 Shock                    Conj/Air       #...         86%         1
 Summon Small Mammal      Summ           #...         86%         1
 Call Imp                 Summ           #.......     95%         2
 Corpse Rot               Necr/Air       N/A          95%         2
 Ensorcelled Hibernation  Hex/Ice        #.....       95%         2
 Passwall                 Tmut/Erth      #.......     95%         2
 Searing Ray              Conj           #.....       95%         2
 Sublimation of Blood     Necr           #.........   95%         2
 Swiftness                Air            #.......     95%         2
 Call Canine Familiar     Summ           #.......     99%         3
 Confusing Touch          Hex            #.......     99%         3
 Dazzling Flash           Conj/Hex       #.....       99%         3
 Ignite Poison            Fire/Tmut/Pois #.......     99%         3
 Inner Flame              Hex/Fire       #.......     99%         3
 Lesser Beckoning         Tloc           #.........   99%         3
 Portal Projectile        Hex/Tloc       #.....       99%         3
 Spider Form              Tmut/Pois      #.........   99%         3
 Static Discharge         Conj/Air       #.......     99%         3
 Stone Arrow              Conj/Erth      #.....       99%         3
 Summon Guardian Golem    Hex/Summ       #.......     99%         3
 Tukima's Dance           Hex            #.......     99%         3
 Cause Fear               Hex            #.........   100%        4
 Dispel Undead            Necr           #.......     100%        4
 Fulminant Prism          Conj/Hex       #.........   100%        4
 Passage of Golubria      Tloc           N/A          100%        4
 Petrify                  Tmut/Erth      #.......     100%        4
 Sticky Flame             Conj/Fire      #.......     100%        4
 Summon Ice Beast         Ice/Summ       #.......     100%        4
 Summon Lightning Spire   Summ/Air       #.......     100%        4
 Agony                    Necr           #.......     100%        5
 Alistair's Intoxication  Tmut/Pois      #........    100%        5
 Bolt of Magma            Conj/Fire/Erth #.........   100%        5
 Borgnjor's Vile Clutch   Necr/Erth      #.........   100%        5
 Excruciating Wounds      Necr           #.........   100%        5
 Fireball                 Conj/Fire      #.........   100%        5
 Irradiate                Conj/Tmut      #.........   100%        5
 Iskenderun's Battlesphe  Conj           #.......     100%        5
 Lee's Rapid Deconstruct  Erth           #.........   100%        5
 Lightning Bolt           Conj/Air       #.........   100%        5
 Silence                  Hex/Air        #.........   100%        5
 Conjure Ball Lightning   Conj/Air       #.........   100%        6
 Eringya's Noxious Bog    Tmut/Pois      #.........   100%        6
 Hydra Form               Tmut           #.........   100%        6
 Invisibility             Hex            #.......     100%        6
 Iron Shot                Conj/Erth      #.........   100%        6
 Simulacrum               Ice/Necr       #.........   100%        6
 Statue Form              Tmut/Erth      #........    100%        6
 Dragon Form              Tmut           #.........   100%        7
 Malign Gateway           Summ/Tloc      #.........   100%        7
 Orb of Destruction       Conj           #.........   100%        7
 Spellforged Servitor     Conj/Summ      #.........   100%        7
 Chain Lightning          Conj/Air       #.........   100%        8
 Ignition                 Fire           #.........   100%        8
 Lehudib's Crystal Spear  Conj/Erth      #.........   100%        8
 Absolute Zero            Ice            #.........   100%        9
 Dragon's Call            Summ           #.........   100%        9
 Fire Storm               Conj/Fire      #.........   100%        9
 Shatter                  Erth           #.........   100%        9


Dungeon Overview and Level Annotations

Branches:
Dungeon (1/1)

Altars:
Ashenzari
Cheibriados
Dithmenos
Elyvilon
Fedhas
Gozag
Hepliaklqana
Kikubaaqudgha
Makhleb
Nemelex Xobeh
Okawaru
Qazlal
Ru
Sif Muna
Trog
Uskayaw
Vehumet
Wu Jian
Xom
Yredelemnul
Zin
The Shining One
Beogh
Jiyva
Lugonu

Annotations:
D Donald, Gloorx Vloq, Ignacio


Message History

The Executioner seems to speed up.
Ignacio hits you but does no damage. x2
You block Ignacio's attack. Ignacio hits you but does no damage.
The Executioner completely misses you. The Executioner misses you.
The Executioner hits you but does no damage.
Gloorx Vloq hits you!
* * * LOW HITPOINT WARNING * * *
You feel more protected from physical attacks.
You cannot blink because you are wearing the cursed +0 helmet of Qife {-Tele rPois rN+++ Int+4}.
Unknown command.
Unknown command.
Unknown command.
Unknown command.
Unknown command.
Unknown command.
You feel much better. You block the Executioner's attack.
The Executioner hits you but does no damage. x2
You block Ignacio's attack. x2; Ignacio closely misses you.
You block Ignacio's attack.
The Executioner hits you but does no damage.
You block the Executioner's attack.
The Executioner hits you but does no damage.
The Executioner is struck by lightning.
The Executioner gestures.
The Executioner seems to speed up.
Gloorx Vloq gestures at you. The poison arrow hits you!!
You are poisoned.
You partially resist.
* * * LOW HITPOINT WARNING * * *
Ignacio hits you but does no damage. Ignacio completely misses you.
Ignacio barely misses you. Ignacio hits you but does no damage.
The Executioner closely misses you.
The Executioner hits you but does no damage. x2
Donald the Adventurer comes into view.
He is wielding a +0 broad axe and wearing a +4 plate armour of cold resistance.
The Executioner is struck by lightning.
Gloorx Vloq misses you. The Executioner gestures at you.
You resist with significant effort. The Executioner gestures at you.
You resist with significant effort.
Ignacio hits you with a +4 executioner's axe of pain!
* * * LOW HITPOINT WARNING * * *
Ignacio barely misses you. Ignacio closely misses you.
Ignacio hits you but does no damage.
Donald casts a spell.
Donald seems to grow stronger.
Gloorx Vloq gestures at you. The poison arrow hits you!
You are lethally poisoned!
You partially resist.
You die...

).≈.:))≈))...▓.....)).††
§..§§@§§≈≈§..▓..........
.§.§.)≈≈≈...§▓..........
.§§§.§.§§§§§.§▓..▓.......
..§§..§§§.§.≈≈▓.▓▓▓.....▓
..§≈...§..§≈§.▓..▓.......
≈.§≈≈.○1§§...▓.≈.≈......
▓§≈≈11&1▓ ▓..≈...©... .
▓▓.≈○○@▓▓ .▓▓▓▓▓▓▓▓▓▓▓
...▓≈≈≈§○§○▓...▓..}=.8©8.)
.....≈≈○.☼○§≈..▓..|}.}.).)
....≈≈≈©≈...≈..▓.....|..[.
▓▓▓▓▓▓▓▓▓▓▓▓▓▓▓▓..).......
▓.....†.... ▓..........
▓.......†.. ▓..........


You could see Gloorx Vloq, Ignacio (fast), Donald (strong) and 3 Executioners.

Vanquished Creatures
  Tiamat (D)
  the Lernaean hydra (D)
  Rupert (D)
  A tentacled monstrosity (D)
  2 Orb Guardians (D)
  Kirke (D)
  Gastronok (D)
  4 shadow dragons (D)
  3 azure jellies (D)
  An emperor scorpion (D)
  2 green draconians (D)
  2 white draconians (D)
  2 black draconians (D)
  A spark wasp (D)
  2 yellow draconians (D)
  A red draconian (D)
  A merfolk javelineer (D)
  A death ooze (D)
  A merfolk impaler (D)
  Josephine (D)
  Harold (D)
  2 great orbs of eyes (D)
  Erolcha (D)
  3 hydras (D)
  A catoblepas (D)
  A spriggan air mage (D)
  3 vault guards (D)
  4 merfolk aquamancers (D)
  2 dancing weapons (D)
  A death yak (D)
  A hell hog (D)
  A spriggan berserker (D)
  3 soul eaters (D)
  Nergalle (D)
  A spriggan druid (D)
  A deep elf archer (D)
  2 deep elf magi (D)
  A wizard (D)
  2 wolf spiders (D)
  6 necromancers (D)
  An orb spider (D)
  A manticore (D)
  An ugly thing (D)
  2 black mambas (D)
  A torpor snail (D)
  3 eyes of devastation (D)
  A vault sentinel (D)
  3 cane toads (D)
  3 komodo dragons (D)
  A demonic crawler (D)
  A freezing wraith (D)
  2 red devils (D)
  A tormentor (D)
  A merfolk (D)
  6 jumping spiders (D)
  A guardian mummy (D)
  A hornet (D)
  A wind drake (D)
  A blink frog (D)
  2 hippogriffs (D)
  4 slime creatures (D)
  2 flying skulls (D)
  A spriggan (D)
  2 redbacks (D)
  2 air elementals (D)
  4 shadows (D)
  3 tarantellas (D)
  3 vampires (D)
  A wyvern (D)
  A water elemental (D)
  3 yaks (D)
  A basilisk (D)
  2 golden eyes (D)
  An insubstantial wisp (D)
  A naga (D)
  5 water moccasins (D)
  Duvessa (D)
  A porcupine (shapeshifter) (D)
  A floating eye (D)
  A hell hound (D)
  Edmund (D)
  A necrophage (D)
  3 wolves (D)
  A wolf (shapeshifter) (D)
  A centaur (D)
  3 crocodiles (D)
  Blork the orc (D)
  3 bullfrogs (D)
  5 wights (D)
  3 crimson imps (D)
  4 jellies (D)
  An iguana (D)
  A worker ant (shapeshifter) (D)
  2 river rats (D)
  2 spectral adders (D)
  2 oozes (D)
  An adder skeleton (D)
  2 adder zombies (D)
  A spectral bat (D)
  5 bat skeletons (D)
  3 bat zombies (D)
  A jackal (D)
  A ball python skeleton (D)
  2 ball python zombies (D)
  A bat simulacrum (D)
  A jackal skeleton (D)
  A leopard gecko zombie (D)
195 creatures vanquished.

Vanquished Creatures (others)
  3 insubstantial wisps (D)
3 creatures vanquished.

Grand Total: 198 creatures vanquished

Notes
Turn   | Place    | Note
-------+----------+-------------------------------------------
     0 | D        | Apogee the Hill Orc Fighter began the quest for the Orb.
     0 | D        | Reached XP level 1. HP: 19/19 MP: 1/1
     0 | D        | Found a shimmering blue altar of Sif Muna.
     0 | D        | Found a bloodstained altar of Trog.
     0 | D        | Found a sacrificial altar of Ru.
     0 | D        | Found a stormy altar of Qazlal.
     0 | D        | Found an iron altar of Okawaru.
     2 | D        | Found a sparkling altar of Nemelex Xobeh.
     2 | D        | Found a blossoming altar of Fedhas.
     3 | D        | Found the +6 Majin-Bo {vamp, MP+6 Int+6}
     3 | D        | Found the +9 heavy crossbow "Sniper" {vorpal, Acc+∞ SInv}
     3 | D        | Found the +10 dark maul {vorpal}
     3 | D        | Found the +15 Maxwell's patent armour {-Cast -Tele rElec
                  | MR+ rCorr}
     3 | D        | Found the +18 shield of the Gong {rElec rN+ MR+ EV-5}
     3 | D        | Found the cursed +14 obsidian axe {vorpal, +Fly SInv
                  | *Curse}
     3 | D        | Found the +7 great mace "Firestarter" {inner flame, rF++}
     3 | D        | Found the +6 shillelagh "Devastator" {shatter}
     3 | D        | Found the +11 plutonium sword {*Contam Stlth-}
     3 | D        | Found the +8 lance "Wyrmbane" {slay drac, rPois rF+ rC+
                  | AC+3}
     3 | D        | Found the +9 sword of Zonguldrok {reap}
     3 | D        | Found the cursed +13 scythe of Curses {drain, *Curse}
     3 | D        | Found the +0 sword of Power
     3 | D        | Found the +7 mace of Variability {chain chaos}
     3 | D        | Found the +7 Singing Sword {vorpal, sonic wave}
     3 | D        | Found the +8 storm bow {elec, penet}
     4 | D        | Found a transporter.
     4 | D        | Found an ancient bone altar of Kikubaaqudgha.
     4 | D        | Found a viscous altar of Jiyva.
     4 | D        | Found a corrupted altar of Lugonu.
     4 | D        | Found a hazy altar of Hepliaklqana.
     4 | D        | Found a burning altar of Makhleb.
     4 | D        | Found an opulent altar of Gozag.
    78 | D        | Became a worshipper of Qazlal Stormbringer
    90 | D        | Reached skill level 5 in Fighting
    90 | D        | Reached skill level 5 in Axes
    90 | D        | Reached skill level 4 in Invocations
    90 | D        | Reached XP level 2. HP: 29/29 MP: 1/5
   135 | D        | Entered arena 2.
   135 | D        | Noticed a naga
   135 | D        | Noticed a water moccasin
   135 | D        | Found a transporter.
   147 | D        | Killed a naga
   147 | D        | Reached XP level 3. HP: 37/39 MP: 6/6
   147 | D        | Reached XP level 4. HP: 44/47 MP: 7/7
   147 | D        | Reached XP level 5. HP: 49/52 MP: 8/8
   155 | D        | Killed a water moccasin
   155 | D        | Reached XP level 6. HP: 42/61 MP: 9/9
   375 | D        | Entered arena 3.
   375 | D        | Noticed a spriggan
   375 | D        | Found a transporter.
   378 | D        | Reached * piety under Qazlal
   391 | D        | Killed a spriggan
   391 | D        | Reached skill level 10 in Axes
   391 | D        | Reached XP level 7. HP: 67/71 MP: 10/10
   405 | D        | Entered arena 4.
   405 | D        | Noticed a brown ugly thing
   405 | D        | Found a transporter.
   409 | D        | Reached ** piety under Qazlal
   412 | D        | Reached skill level 10 in Fighting
   415 | D        | Killed a brown ugly thing
   415 | D        | Reached skill level 6 in Invocations
   415 | D        | Reached XP level 8. HP: 41/81 MP: 10/12
   417 | D        | Reached skill level 10 in Armour
   417 | D        | Reached skill level 10 in Shields
   444 | D        | Got the +1 halberd "Qajur" {freeze, *Rage rF- rN+++ Str+4}
   588 | D        | Entered arena 5.
   588 | D        | Found a transporter.
   592 | D        | Reached *** piety under Qazlal
   604 | D        | Reached **** piety under Qazlal
   615 | D        | Entered arena 6.
   615 | D        | Noticed a +3 scimitar of holy wrath
   615 | D        | Noticed a deep elf mage
   615 | D        | Noticed a deep elf mage
   615 | D        | Noticed a deep elf archer
   615 | D        | Noticed a +4 vorpal hand axe
   615 | D        | Found a transporter.
   629 | D        | Killed a +3 scimitar of holy wrath
   629 | D        | Reached XP level 9. HP: 90/90 MP: 14/14
   632 | D        | Killed a deep elf archer
   635 | D        | Killed a +4 vorpal hand axe
   638 | D        | Killed a deep elf mage
   638 | D        | Reached XP level 10. HP: 67/101 MP: 15/15
   640 | D        | Killed a deep elf mage
   640 | D        | Reached ***** piety under Qazlal
   788 | D        | Entered arena 7.
   789 | D        | Found a transporter.
   807 | D        | Got the Collected Works on the Dark Escort
   809 | D        | Got the amulet of the Two Names {Reflect rF- Int+6 SH+5}
   825 | D        | Entered arena 8.
   825 | D        | Noticed a vault guard
   825 | D        | Noticed a vault guard
   825 | D        | Noticed a vault guard
   825 | D        | Noticed a wizard
   825 | D        | Noticed a vault sentinel
   826 | D        | Found the +7 pair of quick blades "Gyre" and "Gimble"
                  | {protect}
   837 | D        | Killed a wizard
   837 | D        | Reached skill level 15 in Axes
   838 | D        | Killed a vault guard
   839 | D        | Killed a vault guard
   839 | D        | Killed a vault guard
   839 | D        | Reached skill level 15 in Fighting
   839 | D        | Reached XP level 11. HP: 91/112 MP: 4/16
   916 | D        | Found a transporter.
   938 | D        | Entered arena 9.
   940 | D        | Found a transporter.
   941 | D        | Reached skill level 7 in Invocations
   942 | D        | Reached ****** piety under Qazlal
   954 | D        | Got the Reference Book on Evil Clay
  1033 | D        | Entered arena 10.
  1043 | D        | Found a transporter.
  1052 | D        | Got the Incunabulum of Fetching Attacks
  1088 | D        | Entered arena 11.
  1089 | D        | Reached skill level 8 in Invocations
  1090 | D        | Paralysed by a floating eye for 3 turns
  1104 | D        | Found a transporter.
  1319 | D        | Entered arena 12.
  1319 | D        | Noticed a merfolk aquamancer
  1319 | D        | Noticed a merfolk aquamancer
  1319 | D        | Noticed a merfolk impaler
  1319 | D        | Noticed a manticore
  1319 | D        | Noticed a merfolk javelineer
  1320 | D        | Noticed a merfolk aquamancer
  1320 | D        | Identified the amulet "Gunninef" {Reflect rC+ SH+5}
  1322 | D        | Identified the +7 lajatang "Deteul" {chaos, Int+3}
  1322 | D        | Noticed a merfolk aquamancer
  1324 | D        | Killed a merfolk aquamancer
  1324 | D        | Reached skill level 9 in Invocations
  1325 | D        | Killed a merfolk aquamancer
  1325 | D        | Reached skill level 15 in Armour
  1325 | D        | Reached skill level 15 in Shields
  1332 | D        | Killed a merfolk impaler
  1332 | D        | Reached skill level 10 in Invocations
  1334 | D        | Killed a manticore
  1340 | D        | Killed a merfolk aquamancer
  1340 | D        | Reached XP level 12. HP: 60/124 MP: 7/20
  1343 | D        | Killed a merfolk javelineer
  1343 | D        | Reached skill level 11 in Invocations
  1343 | D        | Killed a merfolk aquamancer
  1345 | D        | Found a transporter.
  1353 | D        | Got the Compendium of the Maze
  1549 | D        | Entered arena 13.
  1549 | D        | Noticed a soul eater
  1549 | D        | Noticed a soul eater
  1549 | D        | Noticed a shadow dragon
  1549 | D        | Noticed a soul eater
  1549 | D        | Noticed a shadow dragon
  1551 | D        | Killed a soul eater
  1551 | D        | Reached skill level 12 in Invocations
  1551 | D        | Killed a soul eater
  1553 | D        | Killed a shadow dragon
  1553 | D        | Reached skill level 13 in Invocations
  1561 | D        | Killed a soul eater
  1566 | D        | Killed a shadow dragon
  1567 | D        | Found a transporter.
  1660 | D        | Learned a level 9 spell: Tornado
  1707 | D        | Entered arena 14.
  1707 | D        | Noticed a hell hog
  1710 | D        | Reached skill level 14 in Invocations
  1712 | D        | Killed a hell hog
  1714 | D        | Found a transporter.
  1750 | D        | Entered arena 15.
  1750 | D        | Noticed a catoblepas
  1751 | D        | Noticed an eight-headed hydra
  1751 | D        | Noticed a death yak
  1752 | D        | Noticed a four-headed hydra
  1754 | D        | Killed an eight-headed hydra
  1754 | D        | Reached skill level 15 in Invocations
  1754 | D        | Killed a four-headed hydra
  1754 | D        | Reached XP level 13. HP: 129/137 MP: 22/24
  1755 | D        | Found a transporter.
  1761 | D        | Reached skill level 16 in Invocations
  1770 | D        | Got the +3 war axe of Dullness {drain, MR++ Int+2}
  1772 | D        | Got the amulet "Atimitz" {Acrobat rF+ Int+4 Dex-5 Stlth+}
  1854 | D        | Entered arena 16.
  1854 | D        | Noticed a shadow dragon
  1854 | D        | Noticed a red draconian
  1854 | D        | Noticed a tentacled monstrosity
  1855 | D        | Noticed a black draconian
  1855 | D        | Noticed a green draconian
  1855 | D        | Noticed a yellow draconian
  1856 | D        | Noticed an Orb Guardian
  1856 | D        | Noticed a yellow draconian
  1856 | D        | Noticed a black draconian
  1856 | D        | Noticed a shadow dragon
  1856 | D        | Noticed a white draconian
  1856 | D        | Noticed an Orb Guardian
  1856 | D        | Noticed a green draconian
  1857 | D        | Noticed a white draconian
  1858 | D        | Killed a yellow draconian
  1858 | D        | Killed a black draconian
  1858 | D        | Killed a green draconian
  1860 | D        | Killed an Orb Guardian
  1860 | D        | Reached skill level 17 in Invocations
  1862 | D        | Killed a tentacled monstrosity
  1862 | D        | Killed a red draconian
  1862 | D        | Reached skill level 18 in Invocations
  1862 | D        | Killed a black draconian
  1865 | D        | Killed a shadow dragon
  1868 | D        | Killed a white draconian
  1872 | D        | Killed a white draconian
  1873 | D        | Killed a yellow draconian
  1873 | D        | Reached skill level 19 in Invocations
  1873 | D        | Killed a green draconian
  1878 | D        | HP: 4/217 [shadow dragon/bolt of negative energy (46)]
  1880 | D        | Killed a shadow dragon
  1880 | D        | Reached XP level 14. HP: 5/152 MP: 14/27
  1880 | D        | Killed an Orb Guardian
  1886 | D        | HP: 3/154 [poisoned by a yellow draconian]
  1891 | D        | HP: 4/154 [poisoned by a yellow draconian]
  1933 | D        | Found a transporter.
  2308 | D        | Entered arena 17.
  2310 | D        | Noticed an azure jelly
  2311 | D        | Noticed an azure jelly
  2311 | D        | Noticed an azure jelly
  2314 | D        | Reached skill level 20 in Invocations
  2314 | D        | Killed an azure jelly
  2316 | D        | Killed an azure jelly
  2316 | D        | Killed an azure jelly
  2316 | D        | Reached skill level 21 in Invocations
  2353 | D        | Found a transporter.
  2359 | D        | Got the cursed +0 helmet of Qife {-Tele rPois rN+++ Int+4}
  2369 | D        | Got the +5 war axe "Rylois" {flame, MR+ Str+3}
  2376 | D        | Got the Guide on Displaced Attacks
  2465 | D        | Entered arena 18.
  2469 | D        | Identified the +7 scimitar of the Vestibule of Hell {elec,
                  | +Blink Str-5 Dex+3}
  2471 | D        | Found a transporter.
  2495 | D        | Got the +6 halberd "Direysism" {protect, Fragile rC- Str+4
                  | Int+7}
  2500 | D        | Got the amulet of the Furies {Inacc +Fly rPois rC+ Stlth+}
  2522 | D        | Entered arena 19.
  2525 | D        | Noticed an emperor scorpion
  2527 | D        | Reached skill level 1 in Dodging
  2527 | D        | Reached skill level 22 in Invocations
  2529 | D        | Reached skill level 5 in Dodging
  2532 | D        | Killed an emperor scorpion
  2598 | D        | Found a transporter.
  2683 | D        | Entered arena 20.
  2688 | D        | Identified the +10 mace "Vudargh" {flame, Str+4 Dex+2 SInv}
  2689 | D        | Reached XP level 15. HP: 165/165 MP: 30/30
  2689 | D        | Reached skill level 23 in Invocations
  2700 | D        | Found a transporter.
  2708 | D        | Got the Tome of Fiery Arcane Weapons
  2711 | D        | Got the Disquisition on Confrontation and Feathers
  2713 | D        | Got Zaonikas's Collected Works on Attacks and the Volcanoes
  2722 | D        | Got the Volume of Toxic Flight
  2732 | D        | Entered arena 21.
  2742 | D        | Noticed Ignacio
  2743 | D        | Noticed Gloorx Vloq
  2743 | D        | Noticed Nergalle
  2744 | D        | Noticed Erolcha
  2744 | D        | Noticed Edmund
  2744 | D        | Noticed Duvessa
  2744 | D        | Identified the +4 dragonskin cloak
  2744 | D        | Noticed Tiamat
  2744 | D        | Noticed Kirke
  2744 | D        | Noticed Blork the orc
  2744 | D        | Noticed Rupert
  2745 | D        | Noticed the 27-headed Lernaean hydra
  2745 | D        | Killed Edmund
  2745 | D        | Killed Nergalle
  2745 | D        | Killed Erolcha
  2745 | D        | Killed Blork the orc
  2745 | D        | Killed Rupert
  2745 | D        | Reached skill level 10 in Dodging
  2745 | D        | Killed Duvessa
  2746 | D        | Killed Kirke
  2746 | D        | Killed the 27-headed Lernaean hydra
  2746 | D        | Reached skill level 24 in Invocations
  2746 | D        | Killed Gastronok
  2746 | D        | Noticed Josephine
  2747 | D        | Noticed an Executioner
  2747 | D        | Noticed an Executioner
  2747 | D        | Noticed an Executioner
  2747 | D        | Noticed an Executioner
  2747 | D        | Killed Josephine
  2747 | D        | Killed Harold
  2749 | D        | Killed Tiamat
  2750 | D        | Noticed an Executioner
  2750 | D        | Noticed an Executioner
  2750 | D        | Noticed an Executioner
  2750 | D        | Noticed an Executioner
  2751 | D        | Noticed Donald
  2751 | D        | HP: 4/165 [Ignacio/+4 executioner's axe of pain (10)]
  2751 | D        | Killed from afar by Gloorx Vloq

Illustrated notes

Levels and vault maps discovered:
D:        sprint_v [room_start, room_1, room_2, room_3, room_4, room_5, room_6,
          room_7, room_8, room_9, room_10, room_11, room_12, room_13, room_14,
          room_15, room_16, room_17, room_18, room_19, room_20, room_21,
          room_22, room_23, room_24, room_25, room_26, room_27]

Skill      XL: |  1  2  3  4  5  6  7  8  9 10 11 12 13 14 15 |
---------------+----------------------------------------------+-----
Fighting       | 5 7 8 9 10 12 13 15 16 19 21 23 | 23.5
Axes           | 5 7 8 10 11 12 14 16 17 18 | 18.0
Armour         | 4 6 7 9 11 12 14 15 17 20 21 | 21.9
Shields        | 4 6 7 9 11 12 14 15 16 18 | 18.7
Invocations    | 4 6 10 15 19 22 24 | 24.9
Dodging        | 7 12 | 12.3

Action                   |  1- 3 |  4- 6 |  7- 9 | 10-12 | 13-15 || total
-------------------------+-------+-------+-------+-------+-------++-------
Melee: Broad axe         |       |    23 |    34 |    77 |    38 ||   172
Invok: Upheaval          |       |       |       |    14 |     2 ||    16
       Disaster Area     |       |       |       |     2 |    12 ||    14
Evoke: Wand              |     1 |     1 |     3 |       |       ||     5
       Condenser vane    |     1 |     1 |     2 |     1 |     2 ||     7
  Use: Potion            |     3 |       |     3 |       |     2 ||     8
       Scroll            |       |       |       |     1 |       ||     1
 Stab: Confused          |       |     1 |       |     3 |       ||     4
Armor: Scale mail        |     7 |     2 |       |       |       ||     9
       Crystal plate arm |       |     7 |    23 |    17 |    75 ||   122
Dodge: Dodged            |     4 |     7 |     7 |     6 |    25 ||    49
       Repelled          |       |       |       |       |     1 ||     1
Block: Buckler           |     4 |    10 |    31 |     2 |       ||    47
       Kite shield       |       |       |       |    90 |    81 ||   171

Table legend: (Time is in decaauts)
 A = Elapsed time spent in this place.
 B = Non-inter-level travel time spent in this place.
 C = Inter-level travel time spent in this place.
 D = Time resting spent in this place.
 E = Time spent auto-exploring this place.
 F = Levels seen in this place.
 G = Mean time per level.
                   A        B        C        D        E       F      G
               +--------+--------+--------+--------+--------+-----+--------+
         Total |   2781 |   2774 |      7 |   1931 |     95 |   1 | 2781.0 |
       Dungeon |   2781 |   2774 |      7 |   1931 |     95 |   1 | 2781.0 |
               +--------+--------+--------+--------+--------+-----+--------+

Top non-repeatable levels by time:
       D: 2781 daAuts
